 Dungeon Crawl Stone Soup version 0.26-a0-852-g6321bf7485 (webtiles) character file.

Game seed: 8553983067010424104

1925 mg7810 the Caller (level 8, -1/64 HPs)
             Began as a Deep Dwarf Summoner on Nov 21, 2020.
             Was a Believer of Makhleb.
             Killed from afar by an orc wizard (3 damage)
             ... with a puff of flame
             ... on level 9 of the Dungeon.
             The game lasted 00:56:55 (9460 turns).

mg7810 the Caller (Deep Dwarf Summoner)             Turns: 9460, Time: 00:56:56

Health: -1/64      AC:  6    Str: 13    XL:     8   Next: 96%
Magic:  14/14      EV: 13    Int: 23    God:    Makhleb [**....]
Gold:   247        SH:  0    Dex: 13    Spells: 0/17 levels left

rFire    . . .     SeeInvis .   b - +2 dagger (elec)
rCold    + . .     Faith    .   (no shield)
rNeg     + . .     Spirit   .   x - +1 robe of the Gastropod {+Inv rC+ rN+}
rPois    .         Reflect  .   e - +2 hat
rElec    .         Harm     .   r - scarf {+Inv}
rCorr    .         Rampage  .   (no gloves)
MR       +....                  w - +0 pair of boots
Stlth    ++........             n - amulet of magic regeneration
HPRegen  0.00/turn              h - +6 ring of intelligence
MPRegen  0.39/turn              (no ring)

@: very slightly contaminated, non-regenerating
A: damage resistance, heal wounds, sense surroundings 1, no regeneration
a: Heal Wounds, Minor Destruction, Renounce Religion, Evoke Invisibility


You were on level 9 of the Dungeon.
You worshipped Makhleb.
Makhleb was pleased with you.
You visited 2 branches of the dungeon, and saw 10 of its levels.

You collected 556 gold pieces.
You spent 309 gold pieces at shops.

Inventory:

Hand Weapons
 b - a +2 dagger of electrocution (weapon)
 k - a +1 whip of electrocution
 m - a +2 vampiric trident
Missiles
 i - 16 poisoned darts (quivered)
Armour
 e - a +2 hat (worn)
 r - a scarf of invisibility (worn)
 w - a +0 pair of boots (worn)
 x - the +1 robe of the Gastropod (worn) {+Inv rC+ rN+}
   (You bought it in a shop on level 4 of the Dungeon)

   It protects you from cold.
   It protects you from negative energy.
   It lets you turn invisible.
Jewellery
 h - a +6 ring of intelligence (left hand)
 n - an amulet of magic regeneration (around neck)
Wands
 d - a wand of iceblast (5)
 o - a wand of polymorph (12)
Scrolls
 a - a scroll of enchant armour
 f - 5 scrolls of magic mapping
 j - 2 scrolls of amnesia
 p - 3 scrolls of teleportation
 t - 2 scrolls of remove curse
 u - a scroll of fog
 v - 2 scrolls of fear
Potions
 c - 2 potions of flight
 g - a potion of brilliance
 l - a potion of might


   Skills:
 + Level 1.5 Fighting
 + Level 1.9 Short Blades
 * Level 3.4 Throwing
 + Level 2.8 Dodging
 + Level 3.1 Stealth
 + Level 5.0 Spellcasting
 + Level 1.5 Hexes
 + Level 6.3 Summonings
 + Level 1.1 Ice Magic
 * Level 0.1 Air Magic
 * Level 4.1 Invocations
 * Level 5.2 Evocations


You couldn't memorise any spells.
You knew the following spells:

 Your Spells              Type           Power        Failure   Level
a - Summon Small Mammal   Summ           ####         1%          1
b - Call Imp              Summ           #####...     1%          2
c - Call Canine Familiar  Summ           #####...     1%          3
d - Summon Guardian Gole  Hex/Summ       ###.....     5%          3
e - Summon Ice Beast      Ice/Summ       ###.....     21%         4
f - Summon Lightning Spi  Summ/Air       ###.....     24%         4

Your spell library contained the following spells:

 Spells                   Type           Power        Failure   Level
 Shock                    Conj/Air       #...         9%          1
 Swiftness                Air            #.......     13%         2
 Static Discharge         Conj/Air       #.......     26%         3
 Airstrike                Air            #.........   65%         4
 Lightning Bolt           Conj/Air       #.........   94%         5


Dungeon Overview and Level Annotations

Branches:
Dungeon (9/15)             Temple (1/1) D:4
   Lair: D:8-11         Orc: D:9-12

Altars:
Ashenzari
Cheibriados
Dithmenos
Elyvilon
Fedhas
Gozag
Hepliaklqana
Kikubaaqudgha
Makhleb
Nemelex Xobeh
Okawaru
Qazlal
Ru
Sif Muna
Trog
Uskayaw
Vehumet
Wu Jian
Xom
Yredelemnul
Zin
The Shining One

Shops:
D:4 [

Annotations:
D:9 exclusions: obsidian statue and orange crystal statue, Erolcha


Innate Abilities, Weirdness & Mutations

You are resistant to damage.
You can heal yourself by infusing magical energy.
You passively map a small area around you.
You do not regenerate.


Message History

You see here a stone.
q - a fuming pink potion
Things that are here:
a +0 dagger; a +0 robe; an orc corpse
Things that are here:
a cursed -2 club; 8 stones; an orc corpse An orc wizard comes into view.
It is wielding a +0 dagger.
An orc wizard is nearby!
Casting: Summon Lightning Spire (dangerous; 24% risk of failure)
Confirm with . or Enter, or press ? or * to list all spells.
You miscast Summon Lightning Spire.
You are very lightly contaminated with residual magic.
You are blasted with air!
* * * LOW HITPOINT WARNING * * *
The orc wizard shouts!
It was a potion of magic.
Magic courses through your body.
An orc priest comes into view. It is wielding a +0 flail.
The orc wizard casts a spell at you. The puff of flame hits you.
You die...

, , ....,........(..... ,,, ,,
o.. .......(...... , , , ..#
#############. * *#.# #. #.# #.
##############o# #.
...............###############.
..........())..................
,.......(......@................
##########(.###################
#(.# #..# #..#
############..###################
..................<..............
#################################


You could see an orc priest (wandering) and an orc wizard.

Vanquished Creatures
  A phantom (D:6)
  A centaur (D:9)
  A nameless horror (D:5)
  A water moccasin skeleton (D:8)
  6 killer bees
  An iguana (D:6)
  2 worker ants (D:7)
  A killer bee zombie (D:5)
  A hound zombie (D:9)
  3 adders
  2 white imps
  An ufetubus (D:5)
  A leopard gecko (D:7)
  An orc (D:8)
  5 jackals
  A kobold (D:2)
  A bat (D:1)
  A goblin (D:2)
  A jackal skeleton (D:5)
  A leopard gecko zombie (D:6)
  A rat (D:2)
34 creatures vanquished.

Vanquished Creatures (collateral kills)
  Prince Ribbit (D:7)
  A warg (D:9)
  A black bear (D:8)
  An ice beast (D:7)
  2 sky beasts
  A necrophage (D:9)
  3 ogres
  A centaur (D:6)
  A big kobold (D:8)
  A bullfrog (D:7)
  A scorpion (D:5)
  2 killer bees
  2 howler monkeys
  A quasit (D:8)
  A bullfrog skeleton (D:4)
  3 orc wizards
  5 hounds
  2 jellies
  An orc priest (D:7)
  2 iguanas
  6 worker ants
  A hound skeleton (D:4)
  10 adders
  2 oozes
  An adder skeleton (D:7)
  An adder zombie (D:8)
  A worm (D:3)
  4 leopard geckos
  12 orcs
  A ball python (D:2)
  9 giant cockroaches
  6 hobgoblins (D:1)
  11 jackals
  A quokka (D:7)
  10 bats
  4 frilled lizards
  10 goblins
  A jackal zombie (D:6)
  19 kobolds
  A leopard gecko skeleton (D:4)
  8 rats
152 creatures vanquished.

Vanquished Creatures (others)
  A hornet (D:7)
  3 yaks
  2 ice beasts
  An orc warrior (D:8)
  2 centaurs
  8 killer bees
  2 iguanas
  An orc (D:8)
20 creatures vanquished.

Grand Total: 206 creatures vanquished

Notes
Turn   | Place    | Note
-------+----------+-------------------------------------------
     0 | D:1      | mg7810 the Deep Dwarf Summoner began the quest for the Orb.
     0 | D:1      | Reached XP level 1. HP: 15/15 MP: 3/3
   359 | D:1      | Reached XP level 2. HP: 17/22 MP: 0/5
   387 | D:1      | Learned a level 2 spell: Call Imp
   718 | D:1      | Reached skill level 4 in Summonings
  1437 | D:2      | Reached XP level 3. HP: 28/28 MP: 0/6
  1636 | D:2      | Learned a level 3 spell: Call Canine Familiar
  2041 | D:2      | Reached XP level 4. HP: 17/36 MP: 3/7
  2994 | D:3      | Reached skill level 1 in Throwing
  3216 | D:4      | Found Uchiukh's Armour Shoppe.
  3312 | D:4      | Learned a level 3 spell: Summon Guardian Golem
  3355 | D:4      | Noticed an ogre
  3367 | D:4      | Reached XP level 5. HP: 37/42 MP: 2/9
  3373 | D:4      | Killed an ogre
  3565 | D:4      | Reached skill level 5 in Summonings
  3786 | D:4      | Reached XP level 6. HP: 27/49 MP: 3/11
  4044 | D:4      | Found a staircase to the Ecumenical Temple.
  4063 | Temple   | Entered the Ecumenical Temple
  4154 | Temple   | Became a worshipper of Makhleb the Destroyer
  4457 | D:5      | Entered Level 5 of the Dungeon
  4486 | D:5      | Noticed a nameless horror
  4498 | D:5      | Killed a nameless horror
  4652 | D:5      | Found a broken altar of Ashenzari.
  4709 | D:5      | Noticed a sky beast
  4709 | D:5      | a centaur changed into a sky beast
  4735 | D:5      | Killed a sky beast
  4754 | D:5      | Reached skill level 1 in Invocations
  4754 | D:5      | Reached skill level 1 in Evocations
  5366 | D:6      | Reached skill level 1 in Short Blades
  5825 | D:6      | Noticed a sky beast
  5857 | D:6      | Killed a sky beast
  5858 | D:6      | Reached XP level 7. HP: 24/56 MP: 8/13
  5863 | D:6      | Learned a level 4 spell: Summon Ice Beast
  6021 | D:4      | Bought the +1 robe of the Gastropod {+Inv rC+ rN+} for 309
                  | gold pieces
  6546 | D:6      | Reached * piety under Makhleb
  6678 | D:6      | Found an opulent altar of Gozag.
  7205 | D:7      | Noticed Prince Ribbit
  7288 | D:7      | Killed Prince Ribbit
  7289 | D:7      | Reached skill level 1 in Fighting
  7343 | D:7      | Noticed a hornet
  7359 | D:7      | Killed a hornet
  7454 | D:7      | Reached skill level 1 in Ice Magic
  7906 | D:7      | Reached XP level 8. HP: 16/64 MP: 10/14
  8109 | D:7      | Reached skill level 1 in Hexes
  8520 | D:8      | Reached ** piety under Makhleb
  8762 | D:8      | Found a shadowy altar of Dithmenos.
  9148 | D:9      | Reached skill level 5 in Spellcasting
  9148 | D:9      | Reached skill level 6 in Summonings
  9196 | D:9      | Noticed an orange crystal statue
  9234 | D:9      | Learned a level 4 spell: Summon Lightning Spire
  9237 | D:9      | Noticed an obsidian statue
  9273 | D:9      | Noticed a hellwing
  9282 | D:9      | Noticed a hellwing
  9282 | D:9      | Noticed Erolcha
  9314 | D:9      | HP: 1/64 [warg (10)]
  9325 | D:9      | Reached skill level 5 in Evocations
  9456 | D:9      | HP: 2/64 [something (12)]
  9460 | D:9      | Killed from afar by an orc wizard

Illustrated notes

Levels and vault maps discovered:
D:1:      dpeg_arrival_tiny_a, layout_loops_ring
D:2:      layout_basic, minmay_box_of_dots
D:3:      layout_loops_ring, hex_tiny, kennysheep_minor_cross
D:4:      layout_cave_pools, minmay_temple_entry_antechambers, serial_shops,
          nicolae_shop_behind_doors, hex_medium
D:5:      layout_rooms, nicolae_ashenzari_panopticon
D:6:      minmay_razor_zed, layout_loops_ring, grunt_gozag_breadcrumbs
D:7:      layout_loops_cross, grunt_ministairs_8, minmay_misc_feat_more_columns,
          chequers_serial_rivers_micro_d, uniq_prince_ribbit1
D:8:      layout_rooms, grunt_dithmenos_smoke
D:9:      minmay_separated_statues, layout_long_grid,
          minmay_orc_entry_guard_dogs, serial_shops, shop, special_room
          [special_room_orc], basic_altar, serial_park_tiny_2, minivault_20,
          minmay_shop_damaged, uniq_erolcha
Temple:   compressed_dpeg_circular_temple

Skill      XL: |  1  2  3  4  5  6  7  8 |
---------------+-------------------------+-----
Spellcasting   | 2 3 4 5 |  5.0
Summonings     | 4 5 6 |  6.3
Throwing       | 1 2 3 |  3.4
Stealth        | 3 |  3.1
Invocations    | 1 3 4 |  4.1
Evocations     | 1 2 5 |  5.2
Short Blades   | 1 |  1.9
Fighting       | 1 |  1.5
Ice Magic      | 1 |  1.1
Hexes          | 1 |  1.5
Dodging        | |  2.8
Air Magic      | |  0.1

Action                   |  1- 3 |  4- 6 |  7- 9 || total
-------------------------+-------+-------+-------++-------
Melee: Unarmed           |    12 |     3 |       ||    15
       Dagger            |       |    34 |    96 ||   130
Throw: Dart              |       |     2 |       ||     2
 Cast: Summon Small Mamm |    27 |       |       ||    27
       Call Imp          |    32 |    16 |     5 ||    53
       Call Canine Famil |     5 |    30 |    39 ||    74
       Summon Guardian G |       |    16 |    51 ||    67
       Summon Ice Beast  |       |       |    14 ||    14
       Summon Lightning  |       |       |     3 ||     3
 Abil: Heal Wounds       |       |     2 |     9 ||    11
       Evoke Invisibilit |       |       |     1 ||     1
Evoke: Wand              |       |     2 |     5 ||     7
  Use: Potion            |     4 |     8 |     6 ||    18
       Scroll            |     6 |     5 |     7 ||    18
 Stab: Sleeping          |       |       |     1 ||     1
Armor: Robe              |    29 |    27 |    51 ||   107
       Skin              |     7 |       |       ||     7
Dodge: Dodged            |    60 |    57 |   142 ||   259

Table legend: (Time is in decaauts)
 A = Elapsed time spent in this place.
 B = Non-inter-level travel time spent in this place.
 C = Inter-level travel time spent in this place.
 D = Time resting spent in this place.
 E = Time spent auto-exploring this place.
 F = Levels seen in this place.
 G = Mean time per level.
                   A        B        C        D        E       F      G
               +--------+--------+--------+--------+--------+-----+--------+
         Total |   9457 |   9151 |    306 |     65 |   5728 |  10 |  945.7 |
       Dungeon |   9311 |   9006 |    305 |     65 |   5651 |   9 | 1034.6 |
        Temple |    145 |    144 |      1 |      0 |     77 |   1 |  145.0 |
               +--------+--------+--------+--------+--------+-----+--------+

Top non-repeatable levels by time:
     D:6: 1498 daAuts
     D:1: 1402 daAuts
     D:7: 1349 daAuts
     D:4: 1284 daAuts
     D:3: 1055 daAuts
     D:5: 870 daAuts
     D:8: 739 daAuts
     D:2: 736 daAuts
     D:9: 374 daAuts
  Temple: 145 daAuts
